 Dungeon Crawl Stone Soup version 0.28.0-47-ge53b351184 (webtiles) character file.

Game seed: 17201435273892076022

114 daervis the Skirmisher (level 4, 0/29 HPs)
             Began as a Gargoyle Berserker on Apr 26, 2022.
             Was a Believer of Trog.
             Slain by a gnoll
             ... wielding a +0 club
              (4 damage)
             ... on level 3 of the Dungeon.
             The game lasted 00:11:00 (3039 turns).

daervis the Skirmisher (Gargoyle Berserker)         Turns: 3039, Time: 00:11:01

Health: 0/29       AC: 10    Str: 22    XL:     4   Next: 98%
Magic:  4/4        EV: 10    Int:  8    God:    Trog [**....]
Gold:   66         SH:  0    Dex:  9    Spells: 3/3 levels left

rFire   . . .      SeeInvis .   a - +0 hand axe
rCold   . . .      Faith    .   (no shield)
rNeg    + . .      Spirit   .   n - +0 scale mail
rPois   ∞          Reflect  .   (no helmet)
rElec   +          Harm     .   f - scarf {shadows}
rCorr   .          Rampage  .   (no gloves)
Will    .....                   (no boots)
Stlth   ..........              (no amulet)
HPRegen 0.09/turn               k - ring of flight
MPRegen 0.09/turn               (no ring)

@: on berserk cooldown, flying, slowed, very slow
A: sickness immunity, AC +3, negative energy resistance 1, electricity
resistance, torment resistance 1, petrification resistance
a: Renounce Religion, Berserk, Trog's Hand


You were on level 3 of the Dungeon.
You worshipped Trog.
Trog was pleased with you.
You visited 1 branch of the dungeon, and saw 4 of its levels.

You collected 66 gold pieces.

Inventory:

Hand Weapons
 a - a +0 hand axe (weapon)
Armour
 b - a +0 animal skin
 f - a scarf of shadows (worn)
 n - a +0 scale mail (worn)
Magical Staves
 c - a staff of fire
Jewellery
 k - a ring of flight (left hand)
Wands
 m - a wand of iceblast (4)
Scrolls
 e - a scroll of identify {unknown}
 g - a scroll of enchant armour {unknown}
 h - a scroll of amnesia {unknown}
 j - a scroll of magic mapping {unknown}
Potions
 i - a potion of degeneration {unknown}
 l - 2 potions of might {unknown}


   Skills:
 + Level 3.7 Fighting
 + Level 3.6(3.7) Axes
 * Level 1.2(2.8) Maces & Flails
 + Level 2.9 Armour
 + Level 1.9 Dodging
 * Level 1.8 Stealth


You had 3 spell levels left.
You didn't know any spells.
Your spell library was empty.

Dungeon Overview and Level Annotations

Branches:
Dungeon (4/15)
 Temple: D:4-7

Altars:
Sif Muna
Yredelemnul

Shops:
D:2 ?


Innate Abilities, Weirdness & Mutations

You are immune to sickness and miasma.
Your stone body is resilient. (AC +3)
You are immune to poison.
You resist negative energy. (rN+)
You are resistant to electric shocks. (rElec)
You are resistant to unholy torment.
You are immune to petrification.


Message History

You become entangled in the net!
You struggle against the net.
You struggle against the net.
You feel a strong urge to attack something.
You are no longer berserk.
You are exhausted.
You feel yourself slow down.
You struggle against the net.
The gnoll barely misses you.
You rip the net and break free!
The gnoll hits you but does no damage. The gnoll barely misses you.
You hit the gnoll.
The gnoll is lightly wounded.
The gnoll closely misses you. The gnoll hits you with a +0 flail.
You hit the gnoll.
The gnoll is moderately wounded.
The gnoll hits you with a +0 flail.
You barely miss the gnoll.
The gnoll is moderately wounded.
The gnoll hits you with a +0 flail. The gnoll hits you but does no damage.
You hit the gnoll but do no damage.
The gnoll is moderately wounded.
The gnoll hits you with a +0 flail. The gnoll hits you with a +0 flail!
* * * LOW HITPOINT WARNING * * *
You closely miss the gnoll.
The gnoll is moderately wounded.
The gnoll hits you but does no damage.
You slash the gnoll!
The gnoll is almost dead.
The gnoll closely misses you.
A gnoll comes into view. It is wielding a +0 spear.
The gnoll misses you.
The gnoll shouts!
You hit the gnoll.
You kill the gnoll!
Trog accepts your kill. The gnoll hits you but does no damage.
You hit the gnoll.
The gnoll is lightly wounded.
The gnoll hits you with a +0 club.
You die...

###.........##.......#
....# #..##.......#
....# ###...........#
>...# #...#.........#
....# ##...##...g....#
#..## #..#####.......##
##.####......#........#
##.##........###g####.#
....)[.......# #@# ...
.............# #.# .#
......######## #...#
.#.#### ..#.# ....
#.##.# .... #. #.#...#
... .. .....# .# ....#
#...#


You could see 2 gnolls.

Vanquished Creatures
  2 gnolls (D:3)
  3 adders
  A worm (D:2)
  2 dart slugs
  6 endoplasms
  2 giant cockroaches
  7 goblins
  4 hobgoblins
  4 jackals (D:1)
  3 quokkas (D:1)
  7 ball pythons
  9 bats
  2 frilled lizards
  2 kobolds
  6 rats
60 creatures vanquished.

Vanquished Creatures (others)
  2 fungi (D:1)
  3 plants (D:1)
5 creatures vanquished.

Grand Total: 65 creatures vanquished

Notes
Turn   | Place    | Note
-------+----------+-------------------------------------------
     0 | D:1      | daervis the Gargoyle Berserker began the quest for the Orb.
     0 | D:1      | Reached XP level 1. HP: 14/14 MP: 1/1
    78 | D:1      | Reached skill level 1 in Stealth
    78 | D:1      | Reached XP level 2. HP: 13/19 MP: 2/2
   671 | D:1      | Found a faded altar of an unknown god.
   978 | D:1      | Reached XP level 3. HP: 23/23 MP: 3/3
  1730 | D:2      | Reached ** piety under Trog
  1821 | D:2      | Found Qyase's Magic Scroll Emporium.
  1897 | D:2      | Found a basalt altar of Yredelemnul.
  2280 | D:2      | Reached XP level 4. HP: 26/28 MP: 4/4
  2770 | D:3      | Reached skill level 1 in Maces & Flails
  2770 | D:3      | Found a shimmering blue altar of Sif Muna.
  3039 | D:3      | Slain by a gnoll

Illustrated notes

Levels and vault maps discovered:
D:1:      elethiomel_arrival_infinity_welcomes_careful_drivers, layout_basic,
          dreamdust_ecumenical_altar_grove
D:2:      layout_loops_ring, serial_shops, shop, basic_altar
D:3:      layout_rooms, nicolae_sif_muna_condensation, kennysheep_orc_chapel
D:4:      layout_basic, cheibrodos_worm_habitat, grunt_temple_overflow_open,
          minmay_temple_entry_trees, uniq_edmund, uniq_ijyb

Skill      XL: |  1  2  3  4 |
---------------+-------------+-----
Stealth        | 1 |  1.8
Axes           | 3 |  3.6
Maces & Flails | 1 |  1.2
Fighting       | |  3.7
Armour         | |  2.9
Dodging        | |  1.9

Action                   |  1- 3 |  4- 6 || total
-------------------------+-------+-------++-------
Melee: Hand axe          |   153 |    84 ||   237
       Punch             |     2 |     3 ||     5
Invok: Berserk           |       |     1 ||     1
 Stab: Sleeping          |     1 |       ||     1
Armor: Animal skin       |    39 |       ||    39
       Ring mail         |    54 |     1 ||    55
       Scale mail        |       |    51 ||    51
Dodge: Dodged            |   142 |    65 ||   207
